 Dungeon Crawl Stone Soup version 0.24-a0-84-g25a2d9f (webtiles) character file.

Game seed: 6278939853734917338

186 Blackhawk the Ruffian (level 5, 48/48 HPs)
             Began as a Troll Hunter on Feb 7, 2019.
             Was a Follower of Fedhas.
             Quit the game on level 2 of the Dungeon.
             The game lasted 00:02:07 (877 turns).

Blackhawk the Ruffian (Troll Hunter)                 Turns: 877, Time: 00:02:08

Health: 48/48      AC:  6    Str: 20    XL:     5   Next: 38%
Magic:  4/4        EV: 10    Int:  7    God:    Fedhas [*.....]
Gold:   90         SH:  0    Dex: 11    Spells: 4/4 levels left

rFire    . . .     SeeInvis .     - Unarmed
rCold    . . .     Gourm    +   (no shield)
rNeg     . . .     Faith    .   b - +0 robe
rPois    .         Spirit   .   (helmet restricted)
rElec    .         Reflect  .   (no cloak)
rCorr    .         Harm     .   (gloves unavailable)
MR       .....                  (boots unavailable)
Stlth    ++........             (no amulet)
HPRegen  0.56/turn              m - ring of stealth
MPRegen  0.09/turn              (no ring)

@: no status effects
A: large, unfitting armour, claws 3, fast metabolism 3, gourmand, regeneration
1, shaggy fur 1, tough skin 3
a: Fungal Bloom, Sunlight, Renounce Religion


You were on level 2 of the Dungeon.
You worshipped Fedhas.
Fedhas was aware of your devotion.
You were completely stuffed.

You visited 1 branch of the dungeon, and saw 2 of its levels.

You collected 90 gold pieces.

Inventory:

Hand Weapons
 a - a +0 short sword
Missiles
 c - 5 large rocks (quivered)
 d - 2 throwing nets
Armour
 b - a +0 robe (worn)
Jewellery
 m - a ring of stealth (left claw)
Scrolls
 e - 4 scrolls of identify {unknown}
 i - a scroll of magic mapping {unknown}
 k - a scroll of blinking {unknown}
 l - a scroll of remove curse {unknown}
Potions
 g - a potion of berserk rage {unknown}
 j - a potion of lignification {unknown}
 n - a potion of heal wounds {unknown}
Comestibles
 f - 6 rations
 h - 2 chunks of flesh


   Skills:
 - Level 1.5 Fighting
 - Level 3.6 Throwing
 - Level 1.5 Dodging
 - Level 0.3 Stealth
 + Level 5.2 Unarmed Combat


You had 4 spell levels left.
You didn't know any spells.
Your spell library was empty.

Dungeon Overview and Level Annotations

Branches:
Dungeon (2/15)

Altars:
Fedhas
Kikubaaqudgha


Innate Abilities, Weirdness & Mutations

You are too large for most types of armour.
You have claws for hands.
Your metabolism is lightning-fast.
You like to eat raw meat.
Your natural rate of healing is unusually fast.
You are covered in fur. (AC +1)
You have extremely tough skin. (AC +3)


Message History

No target in view!
No target in view!
No target in view!
No target in view!
No target in view!
No target in view!
No target in view!
No target in view!
No target in view!
You now have 90 gold pieces (gained 9).
There is a faded altar of an unknown god here.
You cannot tell which god this altar belongs to.
Convert to them anyway?
Okay, then.
You cannot tell which god this altar belongs to.
Convert to them anyway?
Fedhas accepts your prayer! Fedhas welcomes you!
The plants of the dungeon cease their hostilities.
You can now turn corpses into toadstools.
You can now call sunshine.
Are you sure you want to abandon this character and quit the game? (Confirm with "yes".)

.. #.##### .....#
############.##.#
#.......##....#.#
#.......).......#
#.....#....##...#
#....#.#...#....#
#.@.#..#.#).#####
#....#.#...#........#
#.....#....#....###.#
###.......[..#....#.#
##.##.#.#.........#
#. #.#.#..#...#### #.
.#.#..#......# #
.#... #.##.#.# ....
#......###


There were no monsters in sight!

Vanquished Creatures
  3 vampire bats (D:2)
  2 adders (D:2)
  A dart slug (D:1)
  A leopard gecko (D:1)
  7 bats
  2 bat skeletons (D:2)
  4 bat zombies (D:2)
  A giant cockroach (D:1)
  7 goblins
  3 hobgoblins
  A quokka (D:2)
  A ball python (D:1)
  3 frilled lizards
  6 kobolds
  8 rats
50 creatures vanquished.

Vanquished Creatures (others)
  4 toadstools (D:1)
4 creatures vanquished.

Grand Total: 54 creatures vanquished

Notes
Turn   | Place    | Note
-------+----------+-------------------------------------------
     0 | D:1      | Blackhawk the Troll Hunter began the quest for the Orb.
     0 | D:1      | Reached XP level 1. HP: 19/19 MP: 0/0
    11 | D:1      | Reached skill level 1 in Unarmed Combat
    66 | D:1      | Reached XP level 2. HP: 27/27 MP: 1/1
   161 | D:1      | Reached skill level 2 in Unarmed Combat
   342 | D:1      | Reached XP level 3. HP: 33/33 MP: 2/2
   490 | D:2      | Reached skill level 3 in Unarmed Combat
   673 | D:2      | Found an ancient bone altar of Kikubaaqudgha.
   688 | D:2      | Reached skill level 4 in Unarmed Combat
   688 | D:2      | Reached XP level 4. HP: 34/41 MP: 3/3
   721 | D:2      | Reached skill level 5 in Unarmed Combat
   721 | D:2      | Reached XP level 5. HP: 45/48 MP: 4/4
   858 | D:2      | Found a faded altar of an unknown god.
   876 | D:2      | Became a worshipper of Fedhas Madash
   876 | D:2      | Reached * piety under Fedhas
   877 | D:2      | Quit the game

Levels and vault maps discovered:

Skill      XL: |  1  2  3  4 |
---------------+-------------+-----
Unarmed Combat | 1 2 4 5 |  5.2
Fighting       | |  1.5
Throwing       | |  3.6
Dodging        | |  1.5
Stealth        | |  0.3

Action                   |  1- 3 |  4- 6 || total
-------------------------+-------+-------++-------
Melee: Unarmed           |   107 |    34 ||   141
       Punch             |     1 |     1 ||     2
 Stab: Sleeping          |     1 |     1 ||     2
  Eat: Chunk             |    12 |     2 ||    14
Armor: Robe              |    77 |    32 ||   109
Dodge: Dodged            |    68 |    25 ||    93

Table legend:
 A = Non-vault XP
 B = Vault XP
 C = Vault XP percentage of total XP
 D = Non-vault monster count
 E = Vault monster count
 F = Vault count percentage of total count
                 A         B        C        D         E       F
            +---------+---------+-------+---------+---------+-------
      Total |      84 |     182 |  68.4 |      38 |      12 |  24.0
            +---------+---------+-------+---------+---------+-------
        D:1 |      41 |       3 |   6.8 |      24 |       3 |  11.1
        D:2 |      43 |     179 |  80.6 |      14 |       9 |  39.1
            +---------+---------+-------+---------+---------+-------
